 Dungeon Crawl Stone Soup version 0.28.0-43-g3370ac3207 (webtiles) character file.

Game seed: 5666876327887653333

305 tizbic2 the Poker (level 6, -10/48 HPs)
             Began as a Merfolk Gladiator on Mar 3, 2022.
             Mangled by an ogre
             ... wielding a +0 giant club
              (15 damage)
             ... on level 4 of the Dungeon.
             The game lasted 00:21:10 (3937 turns).

tizbic2 the Poker (Merfolk Gladiator)               Turns: 3937, Time: 00:21:10

Health: -10/48     AC: 11    Str: 14    XL:     6   Next: 39%
Magic:  6/6        EV:  7    Int:  9    God:
Gold:   166        SH:  0    Dex: 16    Spells: 4/5 levels left

rFire   . . .      SeeInvis .   w - +1 short sword (venom)
rCold   . . .      Faith    .   (no shield)
rNeg    . . .      Spirit   .   k - +0 shadow dragon scales
rPois   +          Reflect  .   c - +0 helmet
rElec   .          Harm     .   (no cloak)
rCorr   +          Rampage  .   (no gloves)
Will    .....                   (no boots)
Stlth   ++........              (no amulet)
HPRegen 0.16/turn               n - ring of resist corrosion
MPRegen 0.10/turn               q - ring of poison resistance

@: no status effects
A: (nimble swimmer 2), mertail
a: no special abilities


You were on level 4 of the Dungeon.
You visited 1 branch of the dungeon, and saw 4 of its levels.

You collected 166 gold pieces.

Inventory:

Hand Weapons
 a - a +0 trident
 g - a +2 short sword of flaming
 w - a +1 short sword of venom (weapon)
Missiles
 d - 3 throwing nets
 f - 122 stones (quivered)
Armour
 c - a +0 helmet (worn)
 k - +0 shadow dragon scales (worn)
Magical Staves
 m - a staff of fire
Jewellery
 b - a ring of flight
 n - a ring of resist corrosion (left hand)
 q - a ring of poison resistance (right hand)
Scrolls
 j - a scroll of fear
 o - 2 scrolls of noise {unknown}
 p - 2 scrolls of teleportation
 s - a scroll of amnesia
Potions
 e - 2 potions of resistance
 h - 3 potions of curing
 r - a potion of flight {unknown}
 t - a potion of might {unknown}
 u - a potion of lignification {unknown}


   Skills:
 + Level 3.8 Fighting
 + Level 7.3 Polearms
 - Level 2.0 Throwing
 * Level 0.5 Armour
 - Level 5.1 Dodging
 - Level 3.0 Transmutations


You had 4 spell levels left.
You knew the following spells:

 Your Spells              Type           Power      Damage    Failure   Level
a - Magic Dart            Conj           0%         1d3       100%        1

Your spell library contained the following spells:

 Spells                   Type           Power      Damage    Failure   Level
 Searing Ray              Conj           0%         2d4       100%        2
 Ignite Poison            Fire/Tmut/Pois 1%         N/A       100%        3
 Mephitic Cloud           Conj/Pois/Air  0%         N/A       100%        3
 Fulminant Prism          Conj/Hex       0%         3d6       100%        4
 Petrify                  Tmut/Erth      2%         N/A       100%        4
 Freezing Cloud           Conj/Ice/Air   0%         6-21      100%        5
 Metabolic Englaciation   Hex/Ice        0%         N/A       100%        5
 Statue Form              Tmut/Erth      1%         N/A       100%        6


Dungeon Overview and Level Annotations

Branches:
Dungeon (4/15)
 Temple: D:4-7

Altars:
Yredelemnul

Annotations:
D:4 3 runed translucent doors, smarlow's ghost, weakling MiFi


Innate Abilities, Weirdness & Mutations

((You are very nimble when in or above water. (Stealth+, EV+, Speed+++)))
Your lower body shifts to a powerful aquatic tail in water.


Message History

Your +1 short sword of venom begins to drip with poison!
w - a +1 short sword of venom (weapon)
The ogre shouts!
You hear a shout!
A jelly comes into view.
An ufetubus comes into view.
The ogre hits you with a +0 giant club!!
Ouch! That really hurt!
There is an open door here.
You see here a ball python corpse.
The jelly quivers.
You open the door.
There is an open door here.
There is an open door here.
The ufetubus hits you but does no damage.
The ufetubus barely misses you.
There is an open door here.
The ufetubus hits you but does no damage. x2
The ufetubus barely misses you.
The ufetubus hits you but does no damage.
The ufetubus hits you. x2
You hit the ufetubus.
The ufetubus is poisoned.
The ufetubus is lightly wounded.
The ufetubus barely misses you. The ufetubus closely misses you.
The ufetubus barely misses you.
The ufetubus hits you but does no damage.
The ufetubus hits you but does no damage. x2
The ufetubus hits you. The ufetubus closely misses you.
The ufetubus hits you but does no damage.
The ufetubus hits you.
You see here a +0 dagger.
You barely miss the ufetubus.
The ufetubus is almost dead.
You kill the ufetubus!
You hit the ogre.
The ogre is lightly wounded.
The ogre hits you with a +0 giant club!!
* * * LOW HITPOINT WARNING * * *
There is a stone staircase leading up here.
The ogre hits you with a +0 giant club!
You die...

#.#)# ####......[..#####
####.#.# #.........#
#......# #.........#
#.##..J# #(........#
#.###..######...[.....# #.#
#..#.......#....### #.#
#.......##.#.#### ### #.#
#....J...#.#.# ..# #.#
#......O@#.#.# ..#
#.####>.....##.#.#
..###......#'#.....#.#######
.............#######.......#
.............# #.....#####.#
##...........# #.###...# #.#
#...........# #.#####'###.#
#####.....#.###...........#
#.....#.............###


You could see an ogre and a jelly.

Vanquished Creatures
  An ogre (D:2)
  A scorpion (D:2)
  A jelly (D:4)
  7 adders
  2 ufetubi (D:4)
  A worm (D:3)
  10 ball pythons
  2 bats (D:3)
  7 endoplasms
  5 giant cockroaches
  3 goblins
  4 hobgoblins
  4 quokkas
  A frilled lizard (D:3)
  5 kobolds
  2 rats
56 creatures vanquished.

Notes
Turn   | Place    | Note
-------+----------+-------------------------------------------
     0 | D:1      | tizbic2 the Merfolk Gladiator began the quest for the Orb.
     0 | D:1      | Reached XP level 1. HP: 16/16 MP: 1/1
     0 | D:1      | Noticed a minotaur zombie
    12 | D:1      | Noticed a demonspawn zombie
   510 | D:1      | Reached XP level 2. HP: 9/23 MP: 2/2
   768 | D:1      | Reached skill level 5 in Polearms
  1354 | D:2      | You fall into a shaft and drop 2 floors!
  1557 | D:2      | Noticed an ogre
  1620 | D:3      | Reached XP level 3. HP: 10/28 MP: 3/3
  2043 | D:3      | Learned a level 1 spell: Magic Dart
  2076 | D:3      | Reached skill level 1 in Transmutations
  2127 | D:3      | Reached XP level 4. HP: 34/34 MP: 4/4
  2175 | D:3      | Reached skill level 6 in Polearms
  2637 | D:2      | Noticed a scorpion
  2650 | D:2      | Killed a scorpion
  2651 | D:2      | Reached XP level 5. HP: 41/41 MP: 5/5
  2759 | D:2      | Found a faded altar of an unknown god.
  2887 | D:2      | Killed an ogre
  2888 | D:2      | Reached skill level 7 in Polearms
  2888 | D:2      | Reached skill level 5 in Dodging
  2888 | D:2      | Reached XP level 6. HP: 47/47 MP: 6/6
  3387 | D:4      | Found a basalt altar of Yredelemnul.
  3845 | D:4      | Found a runed translucent gate.
  3845 | D:4      | Found a runed translucent gate.
  3851 | D:4      | Found a runed translucent gate.
  3852 | D:4      | Noticed smarlow's ghost (weakling MiFi)
  3937 | D:4      | Mangled by an ogre

Illustrated notes

Levels and vault maps discovered:
D:1:      shiori_arrival_whats_in_store_for_you, layout_basic, st_stairs_7
D:2:      layout_basic, dreamdust_ecumenical_altar_angels_and_demons
D:3:      layout_rooms, hangedman_decor_points, minmay_snake_closets
D:4:      layout_basic, kennysheep_mini_moat, lemuel_crystal_altar,
          ebering_ghost_rock_garden

Skill      XL: |  1  2  3  4  5  6 |
---------------+-------------------+-----
Polearms       | 5 6 7 |  7.3
Transmutations | 1 2 3 |  3.0
Fighting       | 3 |  3.8
Dodging        | 5 |  5.1
Throwing       | |  2.0
Armour         | |  0.5

Action                   |  1- 3 |  4- 6 || total
-------------------------+-------+-------++-------
Melee: Trident           |    24 |    21 ||    45
       Punch             |     3 |       ||     3
       Short sword       |    54 |    61 ||   115
Throw: Stone             |    62 |    27 ||    89
       Throwing net      |       |     1 ||     1
  Use: Scroll            |       |     6 ||     6
 Stab: Sleeping          |     1 |     2 ||     3
       Held in net/web   |       |     1 ||     1
Armor: Leather armour    |    17 |     9 ||    26
       Ring mail         |       |     5 ||     5
       Shadow dragon sca |       |    10 ||    10
Dodge: Dodged            |    44 |    52 ||    96
